 Dungeon Crawl Stone Soup version 0.28-a0-793-g31680bbd8b (webtiles) character file.

Game seed: 14606220417940983954

141 siradein the Ducker (level 5, -1/40 HPs)
             Began as a Djinni Gladiator on Nov 4, 2021.
             Killed from afar by Ijyb (13 damage)
             ... with an iceblast
             ... on level 3 of the Dungeon.
             The game lasted 00:03:02 (2839 turns).

siradein the Ducker (Djinni Gladiator)              Turns: 2839, Time: 00:03:03

Health: -1/40      AC:  7    Str: 13    XL:     5   Next: 48%
Gold:   108        EV: 12    Int: 10    God:
                   SH:  0    Dex: 15

rFire   + . .      SeeInvis .   a - +0 long sword
rCold   . . .      Faith    .   (no shield)
rNeg    + . .      Spirit   .   l - +0 ring mail
rPois   ∞          Reflect  .   r - +1 helmet
rElec   .          Harm     .   (no cloak)
rCorr   .          Rampage  .   (no gloves)
Will    .....                   (boots unavailable)
Stlth   +.........              (no amulet)
HPRegen 0.13/turn               j - ring of ice
MPRegen 0.00/turn               n - ring of positive energy

@: flying
A: sickness immunity, fire resistance 2, cold vulnerability 1, float, innate
caster, hp casting, extra vitality 1
a: no special abilities


You were on level 3 of the Dungeon.
You visited 1 branch of the dungeon, and saw 3 of its levels.

You collected 108 gold pieces.

Inventory:

Hand Weapons
 a - a +0 long sword (weapon)
Missiles
 d - 3 throwing nets (quivered)
Armour
 l - a +0 ring mail (worn)
 r - a +1 helmet (worn)
Jewellery
 j - a ring of ice (left hand)
 n - a ring of positive energy (right hand)
Wands
 q - a wand of digging (1)
Scrolls
 b - a scroll of teleportation {unknown}
 i - a scroll of noise {unknown}
 k - a scroll of enchant armour {unknown}
 m - a scroll of blinking {unknown}
Potions
 e - a potion of curing {unknown}
 f - a potion of brilliance {unknown}
 g - a potion of attraction {unknown}
 h - a potion of might {unknown}
 o - a potion of haste {unknown}
 p - 2 potions of resistance {unknown}


   Skills:
 + Level 3.0 Fighting
 + Level 3.3 Long Blades
 + Level 2.4 Throwing
 + Level 4.1 Dodging
 + Level 0.8 Spellcasting


You had 2 spell levels left.
You knew the following spells:

 Your Spells              Type           Power      Damage    Failure   Level
a - Summon Small Mammal   Summ           8%         N/A       47%         1
b - Passwall              Tmut/Erth      1%         N/A       63%         2
Your spell library was empty.

Dungeon Overview and Level Annotations

Branches:
Dungeon (3/15)

Altars:

Annotations:
D:3 Ijyb


Innate Abilities, Weirdness & Mutations

You are immune to sickness and miasma.
You are immune to poison.
Your flesh is very heat resistant. (rF++)
You are vulnerable to cold. (rC-)
You float through the air rather than walking.
You learn spells naturally, not from books.
Your magical power is your life essence.
You have superior vitality. (+4 HP)


Message History

A goblin comes into view.
It is wielding a +2 dagger of electrocution.
The goblin shouts!
You hear a shout!
An orc comes into view. It is wielding a +0 dagger.
There are monsters nearby!
There are monsters nearby!
There are monsters nearby!
Found a hand axe.
No target in view!
No target in view!
No target in view!
No target in view!
Found 13 gold pieces.
A hobgoblin comes into view.
The goblin hits you but does no damage.
You hit the goblin.
The goblin is moderately wounded.
The goblin closely misses you.
You closely miss the goblin.
The goblin is moderately wounded.
The goblin hits you but does no damage.
You are electrocuted!
You slash the goblin!
You kill the goblin!
The orc hits you but does no damage.
You hit the orc but do no damage. The orc barely misses you.
The hobgoblin closely misses you. The orc misses you.
You barely miss the orc. The hobgoblin barely misses you.
Ijyb the Twisted Goblin comes into view.
She is wielding a +0 club and carrying a wand of iceblast (7).
The orc hits you but does no damage. The hobgoblin misses you.
You slash the orc!
You kill the orc!
The hobgoblin misses you.
You barely miss the hobgoblin. The hobgoblin closely misses you.
Ijyb zaps a wand.
The mass of ice explodes!
The iceblast engulfs you! The hobgoblin closely misses you.
Ijyb zaps a wand.
The mass of ice explodes!
The iceblast engulfs the hobgoblin.
The hobgoblin dies!
The iceblast engulfs you!
* * * LOW HITPOINT WARNING * * *
Ijyb zaps a wand.
The mass of ice explodes!
The iceblast engulfs you!
You die...

##.....#
###....##.#
#...#..# ##
#.#...## #g##.##
#.##.# .≈≈. #.##.#
##.... #.# ..
..#.# #. #@#
#######...# .. #.#
#.......##.# #.#
#...........
#.#####.......#.##
#.................
#######.....))....
#.....))..##
#........##
###†##..##


You could see Ijyb.

Vanquished Creatures
  An orc wizard (D:3)
  Robin (D:3)
  4 adders (D:2)
  3 dart slugs
  4 orcs (D:3)
  8 endoplasms
  2 giant cockroaches
  13 goblins
  2 hobgoblins (D:1)
  A jackal (D:2)
  6 kobolds
  2 quokkas
  A ball python (D:3)
  6 bats
  3 frilled lizards
  A rat (D:1)
58 creatures vanquished.

Vanquished Creatures (others)
  A hobgoblin (D:3)
  6 plants (D:2)
7 creatures vanquished.

Grand Total: 65 creatures vanquished

Notes
Turn   | Place    | Note
-------+----------+-------------------------------------------
     0 | D:1      | siradein the Djinni Gladiator began the quest for the Orb.
     0 | D:1      | Reached XP level 1. HP: 18/18 MP: 0/0
    96 | D:1      | Reached XP level 2. HP: 5/23 MP: 0/0
   780 | D:1      | Reached XP level 3. HP: 29/29 MP: 0/0
   780 | D:1      | Learned a level 1 spell: Summon Small Mammal
  1202 | D:2      | Reached XP level 4. HP: 30/34 MP: 0/0
  2495 | D:3      | Reached skill level 4 in Dodging
  2495 | D:3      | Reached XP level 5. HP: 16/40 MP: 0/0
  2495 | D:3      | Learned a level 2 spell: Passwall
  2728 | D:3      | Noticed Robin
  2751 | D:3      | Killed Robin
  2820 | D:3      | Noticed Ijyb
  2839 | D:3      | Killed from afar by Ijyb

Illustrated notes

Levels and vault maps discovered:
D:1:      dpeg_arrival_simpleton_c, layout_basic, hangedman_decor_points
D:2:      minmay_evil_eye, layout_basic, minmay_strange_pillars,
          guppyfry_early_lair_pool
D:3:      layout_loops_ring, old_standard_altar, corexii_leaking_fountain,
          grunt_decor_junction, uniq_crazy_yiuf_cottage, uniq_ijyb, uniq_robin

Skill      XL: |  1  2  3  4  5 |
---------------+----------------+-----
Long Blades    | 3 |  3.3
Throwing       | 2 |  2.4
Dodging        | 4 |  4.1
Fighting       | 3 |  3.0
Spellcasting   | |  0.8

Action                   |  1- 3 |  4- 6 || total
-------------------------+-------+-------++-------
Melee: Long sword        |    72 |   111 ||   183
Armor: Leather armour    |    18 |    14 ||    32
       Ring mail         |       |    37 ||    37
Dodge: Dodged            |    53 |    79 ||   132

Table legend: (Time is in decaauts)
 A = Elapsed time spent in this place.
 B = Non-inter-level travel time spent in this place.
 C = Inter-level travel time spent in this place.
 D = Time resting spent in this place.
 E = Time spent auto-exploring this place.
 F = Levels seen in this place.
 G = Mean time per level.
                   A        B        C        D        E       F      G
               +--------+--------+--------+--------+--------+-----+--------+
         Total |   2884 |   2852 |     32 |      4 |   2295 |   3 |  961.3 |
       Dungeon |   2884 |   2852 |     32 |      4 |   2295 |   3 |  961.3 |
               +--------+--------+--------+--------+--------+-----+--------+

Top non-repeatable levels by time:
     D:2: 1396 daAuts
     D:1: 936 daAuts
     D:3: 551 daAuts
